 Dungeon Crawl Stone Soup version 0.31-a0-188-g5e087ee2ca (webtiles) character file.

Game seed: 12634085856714141612

17 qw the Shooter (level 2, 0/16 HPs)
             Began as a Deep Elf Hunter on June 22, 2023.
             Succumbed to their own poison gas
             ... on level 1 of the Dungeon.
             The game lasted 00:00:12 (695 turns).

qw the Shooter (Deep Elf Hunter)                     Turns: 695, Time: 00:00:12

Health: 0/16       AC:  3    Str:  8    XL:     2   Next: 44%
Magic:  4/4        EV: 12    Int: 13    God:
Gold:   47         SH:  0    Dex: 18    Spells: 1/1 levels left

rFire   . . .        Y - +0 shortbow
rCold   . . .        (shield currently unavailable)
rNeg    . . .        c - +0 leather armour
rPois   .            (no helmet)
rElec   .            (no cloak)
rCorr   .            (no gloves)
SInv    .            (no boots)
Will    +....        (no amulet)
Stlth   ++           (no ring)
HPRegen 0.22/turn    (no ring)
MPRegen 0.09/turn

%: no passive effects
@: lethally poisoned (0 -> -4), enlightened, flying
A: no striking features
a: no special abilities


You were on level 1 of the Dungeon.
You visited 1 branch of the dungeon, and saw 1 of its levels.

You collected 47 gold pieces.


   Skills:
 - Level 1.5 Fighting
 + Level 6.2 Ranged Weapons
 - Level 2.4 Dodging
 - Level 1.2 Stealth


You had one spell level left.
You didn't know any spells.
Your spell library was empty.

Inventory:

Hand Weapons
 Y - a +0 shortbow (weapon)
Armour
 c - a +0 leather armour (worn)
Potions
 f - a potion of brilliance {unknown}
 g - a potion of curing {unknown}
 j - a potion of enlightenment
 k - a potion of heal wounds {unknown}

Dungeon Overview and Level Annotations

Branches:
Dungeon (1/15)

Altars:


Message History

The air around you briefly surges with heat, but it dissipates.
It was a scroll of immolation.
Done exploring.
688 ||| DRINKING 2 white potions.
It was a potion of enlightenment.
You feel very buoyant.
You fly up into the air.
Done exploring.
689 ||| DROPPING scroll of butterflies.
You drop a scroll of butterflies.
Done exploring.
(D) Dungeon
Where to? (* - list waypoints, ? - help)
What level of the Dungeon? (default 1, ? - help) Sorry, I don't know how to get there.
Enter note:
Enter note:
Enter note:
Enter note:
Enter note:
Enter note:
Enter note:
Enter note:
Enter note:
Enter note:
Enter note:
Enter note: Really fly into that cloud of poison gas?
You are engulfed in poison gas.
You are lethally poisoned!
You feel very sick.
691 ||| Stepping ~*~*~tactically~*~*~ (cloud).
You feel very sick.
You see here a scroll of butterflies.
There is a lethal amount of poison in your body!
You feel sick.
There is a lethal amount of poison in your body!
You feel sick.
There is a lethal amount of poison in your body!
You feel sick.
There is a lethal amount of poison in your body!
You die...

#.................
##¤¤00¤0...........
#0¤00.¤0...........
#0000.0#...........
#¤00¤¤0#...........
#.0¤¤0¤#...........
#¤0..¤0############
#000¤00# #0@.¤¤¤#
#.0000.# #¤0.00¤#
#0.0.¤¤# #0.¤000#
#..¤00.# #¤00000###
#####
########<######.P.#
#.#~.P#.~.~.


There were no monsters in sight!

Vanquished Creatures
  2 dart slugs (D:1)
  A ball python (D:1)
  A goblin (D:1)
  A hobgoblin (D:1)
  2 kobolds (D:1)
  3 quokkas (D:1)
  A rat (D:1)
11 creatures vanquished.

Notes
Turn   | Place    | Note
-------+----------+-------------------------------------------
     0 | D:1      | qw the Deep Elf Hunter began the quest for the Orb.
     0 | D:1      | Reached XP level 1. HP: 12/12 MP: 3/3
     0 | D:1      | 0 ||| qw: Version: 0.3-a-9-g12657ce
     0 | D:1      | 0 ||| qw: Game counter: 3022
     0 | D:1      | 0 ||| qw: Always use a shield: true
     0 | D:1      | 0 ||| qw: God list: Okawaru
     0 | D:1      | 0 ||| qw: Allow faded altars: false
     0 | D:1      | 0 ||| qw: Do Orc after D:15 true
     0 | D:1      | 0 ||| qw: Do second Lair branch before Depths: true
     0 | D:1      | 0 ||| qw: Lair rune preference: random
     0 | D:1      | 0 ||| qw: Plans: Normal
     0 | D:1      | 0 ||| PLANNING D:1-11
    56 | D:1      | 56 ||| FLEEEEING.
    57 | D:1      | 57 ||| FLEEEEING.
    58 | D:1      | 58 ||| FLEEEEING.
    59 | D:1      | 59 ||| FLEEEEING.
    60 | D:1      | 60 ||| FLEEEEING.
   114 | D:1      | Reached XP level 2. HP: 16/16 MP: 4/4
   133 | D:1      | Reached skill level 6 in Ranged Weapons
   684 | D:1      | 684 ||| READING scroll labelled MUDE FUONA.
   685 | D:1      | 685 ||| READING scroll labelled JARIRCH CABRIPP.
   686 | D:1      | 686 ||| READING scroll labelled AGEMIG HOM JIY.
   687 | D:1      | 687 ||| READING scroll labelled ZAADAF UMPEOB.
   688 | D:1      | 688 ||| DRINKING 2 white potions.
   689 | D:1      | 689 ||| DROPPING scroll of butterflies.
   691 | D:1      | 691 ||| Stepping ~*~*~tactically~*~*~ (cloud).
   692 | D:1      | HP: 4/16 [poisoned by you (poison gas)]
   694 | D:1      | HP: 1/16 [poisoned by you (poison gas)]
   695 | D:1      | Succumbed to their own poison gas

Levels and vault maps discovered:
D:1:      lightli_arrival_windingriver, layout_basic, corexii_corridor_pit,
          minmay_tree_intersection

Skill      XL: |  1  2 |
---------------+-------+-----
Ranged Weapons | 6 |  6.2
Fighting       | |  1.5
Dodging        | |  2.4
Stealth        | |  1.2

Action                     || total
---------------------------++-------
   Fire: Shortbow          ||    29
    Use: Scroll            ||     4
         Potion            ||     1
 Armour: Leather armour    ||     2
  Dodge: Dodged            ||     4

Table legend:
 A = Non-vault XP
 B = Vault XP
 C = Vault XP percentage of total XP
 D = Non-vault monster count
 E = Vault monster count
 F = Vault count percentage of total count
                 A         B        C        D         E       F
            +---------+---------+-------+---------+---------+-------
      Total |      25 |       0 |   0.0 |      11 |       0 |   0.0
            +---------+---------+-------+---------+---------+-------
        D:1 |      25 |       0 |   0.0 |      11 |       0 |   0.0
            +---------+---------+-------+---------+---------+-------
